 Dungeon Crawl Stone Soup version 0.26.0-45-g9c1d065592 (webtiles) character file.

Game seed: 15381610948778082396

28 growler the Digger (level 3, -1/21 HPs)
             Began as an Octopode Earth Elementalist on Jan 30, 2021.
             Slain by an adder (4 damage)
             ... on level 1 of the Dungeon.
             The game lasted 00:03:26 (1253 turns).

growler the Digger (Octopode Earth Elementalist)    Turns: 1253, Time: 00:03:27

Health: -1/21      AC:  3    Str: 13    XL:     3   Next: 14%
Magic:  0/6        EV: 13    Int: 18    God:
Gold:   92         SH:  3    Dex: 12    Spells: 0/6 levels left

rFire    . . .     SeeInvis +   c - +2 spear (vorpal)
rCold    . . .     Faith    .   g - +0 buckler
rNeg     . . .     Spirit   .   (helmet restricted)
rPois    .         Reflect  .   (no amulet)
rElec    .         Harm     .   e - ring of flight
rCorr    +         Rampage  .   l - +6 ring of strength
Will     .....     Rnd*Rage +   z - ring of see invisible
Stlth    +++.......             o - ring of resist corrosion
HPRegen  0.07/turn              (no ring)
MPRegen  0.10/turn              (no ring)
                                (no ring)
                                (no ring)

@: lethally poisoned (-1 -> -7)
A: almost no armour, stealthy swim, amphibious, 8 rings, constrict 8, molten
scales 1, camouflage 1, berserk 1, blurry vision 1, mutation resistance 1,
gelatinous body 1
a: Evoke Flight


You were on level 1 of the Dungeon.
You visited 1 branch of the dungeon, and saw 2 of its levels.

You collected 92 gold pieces.

Inventory:

Hand Weapons
 c - a +2 vorpal spear (weapon)
   (You found it on level 1 of the Dungeon)
Missiles
 b - 29 stones
Armour
 g - a +0 buckler (worn)
   (You found it on level 1 of the Dungeon)
Jewellery
 e - a ring of flight (left tentacle)
   (You found it on level 1 of the Dungeon)
 l - a +6 ring of strength (right tentacle)
   (You found it on level 1 of the Dungeon)
 o - a ring of resist corrosion (on tentacle)
   (You found it on level 1 of the Dungeon)
 z - a ring of see invisible (on tentacle)
   (You found it on level 1 of the Dungeon)
Scrolls
 a - 2 scrolls of enchant armour {unknown}
 d - 2 scrolls of teleportation {unknown}
 h - 3 scrolls of identify {unknown}
 i - 5 scrolls of immolation {unknown}
 m - a scroll of fog {unknown}
 n - a scroll of amnesia {unknown}
Potions
 k - a potion of resistance {unknown}


   Skills:
 - Level 2.0 Dodging
 - Level 2.6 Stealth
 + Level 1.2 Shields
 - Level 2.0 Spellcasting
 - Level 1.0 Transmutations
 + Level 3.9 Earth Magic


You couldn't memorise any spells.
You knew the following spells:

 Your Spells              Type           Power        Failure   Level
a - Sandblast             Erth           30%          4%          1
q - Passwall              Tmut/Erth      8%           14%         2
x - Stone Arrow           Conj/Erth      16%          34%         3

Your spell library contained the following spells:

 Spells                   Type           Power        Failure   Level
 Petrify                  Tmut/Erth      10%          67%         4
 Lee's Rapid Deconstruct  Erth           7%           80%         5


Dungeon Overview and Level Annotations

Branches:
Dungeon (2/15)

Altars:

Annotations:
D:2 Sigmund


Innate Abilities, Weirdness & Mutations

You cannot wear most types of armour.
You are very stealthy in the water. (Stealth+)
You are amphibious.
You can wear up to eight rings at the same time.
You can use your tentacles to constrict eight enemies at once.
Your skin changes colour to match your surroundings (Stealth+).
Your rubbery body absorbs attacks. (AC +1, EV +1)
You are partially covered in molten scales. (AC +2)
You tend to lose your temper in combat.
Scrolls take you a little longer to read.
You are somewhat resistant to further mutation.


Message History

An adder comes into view.
The adder barely misses you.
Aim: Sigmund, wielding a +1 vampiric scythe and wearing a +0 robe (23% to evade)
The blast of sand misses Sigmund.
The adder hisses angrily.
The adder misses you. Sigmund closely misses you.
Aim: Sigmund, wielding a +1 vampiric scythe and wearing a +0 robe (23% to evade)
The blast of sand hits Sigmund.
The adder closely misses you.
Aim: Sigmund, wielding a +1 vampiric scythe and wearing a +0 robe (lightly wounded, 23% to evade)
The blast of sand misses Sigmund.
The adder barely misses you. Sigmund barely misses you.
You block the adder's attack.
Aim: Sigmund, wielding a +1 vampiric scythe and wearing a +0 robe (lightly wounded, 23% to evade)
The blast of sand misses Sigmund.
The adder bites you. Sigmund misses you.
A frilled lizard comes into view.
Aim: Sigmund, wielding a +1 vampiric scythe and wearing a +0 robe (lightly wounded, 23% to evade)
The blast of sand hits Sigmund.
The frilled lizard hisses angrily.
The adder barely misses you.
Aim: Sigmund, wielding a +1 vampiric scythe and wearing a +0 robe (moderately wounded, 23% to evade)
The blast of sand hits Sigmund but does no damage.
The adder bites you. The adder closely misses you. Sigmund barely misses you.
The adder bites you.
You are poisoned.
The adder poisons you!
You feel sick. The adder barely misses you.
There is a stone staircase leading up here.
You block the adder's attack. The adder misses you. Sigmund barely misses you.
You climb upwards.
There is a stone staircase leading down here.
You feel sick. The adder barely misses you. The adder bites you.
* * * LOW HITPOINT WARNING * * *
Aim: an adder (34% to evade)
You miscast Sandblast.
You are very lightly contaminated with residual magic.
Nothing appears to happen.
The adder misses you.
You feel sick. The adder bites you.
* * * LOW HITPOINT WARNING * * *
You are lethally poisoned!
The adder poisons you!
It was a potion of mutation.
You feel extremely strange.
You feel a little pissed off.
Molten scales grow over part of your body.
Your vision blurs.
You feel genetically stable. The adder bites you but does no damage.
The adder closely misses you.
It was a potion of cancellation.
You feel magically purged.
Your magical contamination has completely faded away.
* * * LOW HITPOINT WARNING * * *
You feel sick. The adder bites you.
You die...

### #.. ####.# #..
####....# #.. #.......#
#.. ########.......# #..
###..............# #..
#...#######.############
#.#.#######>####........
#......@S.....).........
#..#.#.#S#..############
#...........# #..
##.#.#.#.#..###### #..
#...............# #..
#.#.#.#.#.......# #..
#.......).#####.#####..
#.#.#.#.#.# #........
#.........# #.##.....


You could see 2 adders.

Vanquished Creatures
  3 bats (D:1)
  A giant cockroach (D:1)
  5 hobgoblins
  3 jackals (D:1)
  2 ball pythons (D:1)
  3 frilled lizards (D:1)
  4 goblins (D:1)
  4 kobolds (D:1)
  A rat (D:1)
26 creatures vanquished.

Notes
Turn   | Place    | Note
-------+----------+-------------------------------------------
     0 | D:1      | growler the Octopode Earth Elementalist began the quest for
                  | the Orb.
     0 | D:1      | Reached XP level 1. HP: 11/11 MP: 3/3
   192 | D:1      | Reached XP level 2. HP: 17/17 MP: 1/5
   879 | D:1      | Reached skill level 1 in Shields
   879 | D:1      | Reached XP level 3. HP: 14/21 MP: 6/6
  1229 | D:1      | Learned a level 2 spell: Passwall
  1233 | D:1      | Learned a level 3 spell: Stone Arrow
  1234 | D:2      | Noticed Sigmund
  1252 | D:1      | Gained mutation: You tend to lose your temper in combat.
                  | [potion of mutation]
  1252 | D:1      | Gained mutation: You are partially covered in molten
                  | scales. (AC +2) [potion of mutation]
  1252 | D:1      | Gained mutation: Scrolls take you a little longer to read.
                  | [potion of mutation]
  1252 | D:1      | Gained mutation: You are somewhat resistant to further
                  | mutation. [potion of mutation]
  1253 | D:1      | Slain by an adder

Illustrated notes

Levels and vault maps discovered:
D:1:      eino_arrival_cavern_e, layout_rooms, serial_co_window_serial,
          co_window_of_opportunity_a, co_window_corner_a, co_window_corner_a,
          co_window_of_opportunity_a, co_window_of_opportunity_a,
          co_window_corner_a, co_window_corner_b, co_window_broadway_c,
          co_window_unsneaky_path_d, co_window_cross_2,
          co_window_unsneaky_path_c, glass_columns_a, glass_columns_a,
          glass_columns_c, glass_columns_a
D:2:      layout_rooms, uniq_natasha, uniq_sigmund

Skill      XL: |  1  2 |
---------------+-------+-----
Shields        | 1 |  1.2
Dodging        | |  2.0
Stealth        | |  2.6
Spellcasting   | |  2.0
Transmutations | |  1.0
Earth Magic    | |  3.9

Action                   || total
-------------------------++-------
Melee: Spear             ||    44
       Constrict         ||     4
       Tentacles         ||     3
 Cast: Sandblast         ||     8
  Use: Potion            ||     2
 Stab: Sleeping          ||     9
Armor: Skin              ||     2
Dodge: Dodged            ||    30
Block: Buckler           ||     4
